 Dungeon Crawl Stone Soup version 0.17.1-3-g152610e (webtiles) character file.

1834 juanjsm the Digger (level 9, -3/48 HPs)
             Began as a Gargoyle Earth Elementalist on Mar 13, 2016.
             Was an Initiate of Vehumet.
             Slain by an orc warrior
             ... wielding a +0 halberd
              (20 damage)
             ... on level 7 of the Dungeon.
             The game lasted 01:36:57 (7655 turns).

juanjsm the Digger (Gargoyle Earth Elementalist)    Turns: 7655, Time: 01:36:58

Health: -3/48      AC: 13    Str: 12    XL:     9   Next: 11%
Magic:  4/18       EV: 12    Int: 19    God:    Vehumet [......]
Gold:   377        SH:  3    Dex: 10    Spells: 6 memorised, 5 levels left

rFire  . . .     SeeInvis .     w - +3 dagger
rCold  . . .     Clarity  .     x - +0 leather armour
rNeg   + . .     SustAt   .     P - +0 buckler
rPois  ∞         Gourm    .     (no helmet)
rElec  +         Spirit   .     G - +0 cloak
rCorr  +         Warding  .     (no gloves)
rMut   .         Rnd*Tele +     i - +2 pair of boots
MR     .....                    s - amulet of resist corrosion
Stlth  ++........               (no ring)
                                v - ring of teleportation

@: not resistant to hostile enchantments, unstealthy
A: negative energy resistance 1, electricity resistance, unbreathing,
petrification resistance, rot immunity, MP-powered wands, AC +5
a: Renounce Religion, Evoke Teleportation


You were on level 7 of the Dungeon.
You worshipped Vehumet.
Vehumet was noncommittal.
You were not hungry.

You visited 2 branches of the dungeon, and saw 8 of its levels.

You collected 377 gold pieces.

Inventory:

Hand Weapons
 n - a +0 dagger of protection
 q - a +2 whip of venom
 w - a +3 dagger (weapon)
 B - a +2 dagger of holy wrath
 H - a +0 trident of protection
 K - the +1 battleaxe "Veegie Kiurr" {chop, *Noise MP+9 Int+7}
   (You found it on level 6 of the Dungeon)

   It inflicts extra damage upon your enemies.
   It affects your intelligence (+7).
   It affects your magic capacity (+9).
   It may make noises in combat.
 S - a +3 shortbow of flaming
Missiles
 a - 4 javelins
 b - 88 stones (quivered)
Armour
 i - a +2 pair of boots (worn)
 x - a +0 leather armour (worn)
 G - a +0 cloak (worn)
 P - a +0 buckler (worn)
Magical Staves
 O - an uncursed staff of wizardry {unknown}
Jewellery
 s - an amulet of resist corrosion (around neck)
 v - a ring of teleportation (left hand)
 A - an uncursed amulet of regeneration
Wands
 C - a wand of fire (5)
Scrolls
 e - a scroll of magic mapping {unknown}
 g - 2 scrolls of immolation {unknown}
 k - 4 scrolls of teleportation
 m - 4 scrolls of remove curse
 u - a scroll of blinking
 y - a scroll of random uselessness {unknown}
 z - 3 scrolls of amnesia
 D - 2 scrolls of fear
 I - a scroll of enchant armour {unknown}
 Q - a scroll of noise {unknown}
Potions
 j - 2 potions of brilliance
 l - 2 potions of flight
 o - 2 potions of heal wounds
 t - a potion of mutation
 E - a potion of haste {unknown}
 L - a potion of agility {unknown}
Books
 c - a book of Geomancy

   Spells                             Type                      Level
   a - Sandblast                      Earth                        1
   b - Stoneskin                      Transmutation/Earth          2
   c - Passwall                       Transmutation/Earth          3
   d - Stone Arrow                    Conjuration/Earth            3
   e - Petrify                        Transmutation/Earth          4
   f - Lee's Rapid Deconstruction     Earth                        5
 r - a book of Cantrips

   Spells                             Type                      Level
   a - Corona                         Hexes                        1
   b - Animate Skeleton               Necromancy                   1
   c - Summon Small Mammal            Summoning                    1
   d - Apportation                    Translocation                1
 J - a book of Envenomations

   Spells                             Type                      Level
   a - Spider Form                    Transmutation/Poison         3
   b - Alistair's Intoxication        Transmutation/Poison         4
   c - Olgreb's Toxic Radiance        Poison                       4
   d - Poisonous Cloud                Conjuration/Poison/Air       6
 N - a book of Burglary

   Spells                             Type                      Level
   a - Swiftness                      Charms/Air                   2
   b - Passwall                       Transmutation/Earth          3
   c - Passage of Golubria            Translocation                4
   d - Lee's Rapid Deconstruction     Earth                        5
   e - Darkness                       Hexes                        6
   f - Invisibility                   Hexes                        6
Miscellaneous
 h - a plain deck of defence {the Helm}
Comestibles
 d - 3 bread rations
 f - 5 fruits
 p - 3 meat rations
 F - 2 beef jerkies
 M - 7 slices of pizza
 R - 9 chunks of flesh


   Skills:
 + Level 2.1 Fighting
 + Level 1.0 Short Blades
 + Level 1.1 Axes
 + Level 1.7 Throwing
 + Level 2.4 Armour
 + Level 3.9 Dodging
 + Level 3.3 Stealth
 + Level 0.8 Unarmed Combat
 + Level 6.0 Spellcasting
 + Level 3.1 Conjurations
 + Level 0.8 Transmutations
 + Level 7.9 Earth Magic


You had 5 spell levels left.
You knew the following spells:

 Your Spells              Type           Power        Failure   Level  Hunger
a - Sandblast             Erth           #####.       1%          1    None
b - Stoneskin             Trmt/Erth      ###.....     10%         2    None
c - Stone Arrow           Conj/Erth      ####..       10%         3    ##.....
d - Corona                Hex            #......      24%         1    None
e - Swiftness             Chrm/Air       #.......     34%         2    None
f - Invisibility          Hex            #.......     100%        6    #######


Dungeon Overview and Level Annotations

Branches:
Dungeon (7/15)             Temple (1/1) D:5

Altars:
Ashenzari
Cheibriados
Dithmenos
Elyvilon
Fedhas
Gozag
Kikubaaqudgha
Nemelex Xobeh
Okawaru
Qazlal
Ru
Trog
Vehumet
Xom
Yredelemnul
Zin
The Shining One


Innate Abilities, Weirdness & Mutations

You are resistant to torment.
Your stone body is resilient (AC +5).
You are immune to poison.
You resist negative energy.
You are resistant to electric shocks.
You can survive without breathing.
You are immune to petrification.
You are immune to rotting.
You expend magic power (3 MP) to strengthen your wands.


Message History

A puff of flame appears from out of thin air!
The puff of flame hits you!
Found an escape hatch in the floor.
You fail to use your ability.
The orc warrior hits you with a halberd.
You closely miss the orc warrior.
An orc wizard appears from thin air!
Reactivating autopickup.
The orc wizard hits you but does no damage.
You block the orc warrior's attack.
You hit the orc wizard but do no damage.
The orc wizard is severely wounded.
The orc wizard hits you but does no damage.
You closely miss the orc wizard.
The orc wizard is severely wounded.
The orc warrior hits you but does no damage.
You block the orc wizard's attack.
You hit the orc wizard.
The orc wizard is almost dead.
The orc warrior hits you with a halberd!!
You die...

#).##....≈...#
###o..#..≈.....#
#.....#.....§..#
###...#...≈....#
#...#........#
#.(.##......##
##....########
#....)).o##.##
########o@...#
#.##### >...
###.## ..# ###


You could see an orc warrior and an orc wizard.

Vanquished Creatures
  A yak (D:7)
  A hog (D:7)
  A human (D:7)
  2 ice beasts
  An ogre (D:7)
  A phantom (D:4)
  2 giant frogs
  2 crimson imps (D:7)
  2 giant frog zombies
  2 centaur zombies (D:5)
  7 orc wizards
  2 hounds
  A giant frog skeleton (D:4)
  An orc priest (D:4)
  2 iguanas
  2 worker ants
  2 sheep (D:7)
  The ghost of emiel the Chopper, a weakling HOBe of Trog (D:3)
  5 gnolls
  3 worker ant zombies
  11 adders
  A shadow imp (D:7)
  2 oozes
  5 worms
  An adder skeleton (D:7)
  5 giant geckos
  13 orcs
  6 bats
  4 giant cockroaches
  10 goblins
  11 hobgoblins
  9 kobolds
  3 quokkas (D:3)
  A ball python (D:4)
  7 giant newts
  4 rats
134 creatures vanquished.

Notes
Turn   | Place    | Note
--------------------------------------------------------------
     0 | D:1      | juanjsm the Gargoyle Earth Elementalist began the quest for the Orb.
     0 | D:1      | Reached XP level 1. HP: 10/10 MP: 3/3
   166 | D:1      | Reached XP level 2. HP: 12/15 MP: 0/5
   466 | D:1      | Learned a level 2 spell: Stoneskin
  1063 | D:2      | Reached skill level 4 in Earth Magic
  1063 | D:2      | Reached XP level 3. HP: 15/19 MP: 3/6
  1157 | D:2      | Found an opulent altar of Gozag.
  1157 | D:2      | Found a glowing silver altar of Zin.
  1284 | D:2      | Learned a level 3 spell: Stone Arrow
  1642 | D:2      | Reached XP level 4. HP: 20/24 MP: 3/7
  2265 | D:2      | Found an ancient bone altar of Kikubaaqudgha.
  2336 | D:2      | Reached skill level 1 in Throwing
  2575 | D:2      | You fall through a shaft!
  2666 | D:3      | Found a shadowy altar of Dithmenos.
  2678 | D:3      | Reached XP level 5. HP: 28/28 MP: 2/9
  3117 | D:3      | Noticed emiel's ghost (weakling HOBe)
  3188 | D:3      | Killed emiel's ghost
  3315 | D:3      | Reached skill level 1 in Armour
  3315 | D:3      | Reached skill level 1 in Conjurations
  3472 | D:3      | Reached XP level 6. HP: 21/33 MP: 8/10
  3833 | D:4      | Reached skill level 1 in Fighting
  4097 | D:4      | Found a white marble altar of Elyvilon.
  4160 | D:4      | Reached skill level 5 in Earth Magic
  4282 | D:4      | Reached XP level 7. HP: 25/38 MP: 0/12
  4769 | D:5      | Entered Level 5 of the Dungeon
  4908 | D:5      | Found a basalt altar of Yredelemnul.
  4911 | D:5      | Found a snail-covered altar of Cheibriados.
  5078 | D:5      | Found a staircase to the Ecumenical Temple.
  5112 | Temple   | Entered the Ecumenical Temple
  5240 | Temple   | Became a worshipper of Vehumet
  5655 | D:5      | Reached skill level 6 in Earth Magic
  5794 | D:6      | Learned a level 1 spell: Corona
  6140 | D:6      | Found a bloodstained altar of Trog.
  6271 | D:6      | Reached XP level 8. HP: 36/43 MP: 1/14
  6407 | D:6      | Got a bloodstained battleaxe
  6860 | D:6      | Identified the cursed +1 battleaxe "Veegie Kiurr" {chop, *Noise MP+9 Int+7} (You found it on level 6 of the Dungeon)
  6910 | D:7      | Found a sacrificial altar of Ru.
  6916 | D:7      | Reached skill level 5 in Spellcasting
  6991 | D:7      | Found Tiucer's Assorted Antiques.
  7106 | D:7      | Reached skill level 7 in Earth Magic
  7108 | D:7      | Reached skill level 1 in Short Blades
  7120 | D:7      | Reached skill level 1 in Axes
  7338 | D:7      | Found a glowing golden altar of the Shining One.
  7384 | D:7      | Learned a level 2 spell: Swiftness
  7391 | D:7      | Learned a level 6 spell: Invisibility
  7394 | D:7      | Reached XP level 9. HP: 48/48 MP: 6/17
  7457 | D:7      | Gained mutation: You expend magic power (3 MP) to strengthen your wands. [mutagenic glow]
  7655 | D:7      | Slain by an orc warrior

Action                   |  1- 3 |  4- 6 |  7- 9 || total
-------------------------+-------+-------+-------++-------
Melee: Unarmed           |    48 |       |       ||    48
       Dagger            |    10 |   217 |   161 ||   388
       Battleaxe         |       |       |    28 ||    28
Throw: Stone             |    21 |    41 |    14 ||    76
 Cast: Sandblast         |    41 |    83 |    90 ||   214
       Stone Arrow       |     2 |    20 |    47 ||    69
       Stoneskin         |       |     2 |     5 ||     7
       Corona            |       |       |     3 ||     3
  Use: Potion            |       |     2 |     1 ||     3
       Scroll            |       |     5 |     7 ||    12
 Stab: Sleeping          |       |     1 |       ||     1
  Eat: Chunk             |     2 |     7 |     5 ||    14
       Meat ration       |     1 |       |       ||     1
       Bread ration      |       |       |     2 ||     2
       Beef jerky        |       |       |     1 ||     1
